 Dungeon Crawl Stone Soup version 0.20.0-6-gd3061e9 (webtiles) character file.

292 MDvedh the Chopper (level 6, -4/37 HPs)
             Began as a Tengu Berserker on May 28, 2017.
             Was a Follower of Trog.
             Slain by an iguana (9 damage)
             ... on level 4 of the Dungeon.
             The game lasted 00:02:27 (2514 turns).

MDvedh the Chopper (Tengu Berserker)                Turns: 2514, Time: 00:02:28

Health: -4/37      AC:  5    Str: 19    XL:     6   Next: 33%
Magic:  7/7        EV: 11    Int:  8    God:    Trog [*.....]
Gold:   176        SH:  0    Dex: 13    Spells: 5/5 levels left

rFire    + . .     SeeInvis .   a - +0 hand axe
rCold    + . .     Gourm    .   (no shield)
rNeg     . . .     Faith    .   r - +0 ring mail
rPois    .         Spirit   .   (helmet restricted)
rElec    .         Reflect  .   c - scarf {rC+ rF+}
rCorr    .         Harm     .   (no gloves)
MR       .....                  (boots unavailable)
Stlth    +.........             (no amulet)
Regen    0.2/turn               (no ring)
MPRegen  0.1/turn               (no ring)

@: no status effects
A: beak, talons 3, able to fly 1
a: Fly, Berserk, Burn Spellbooks, Renounce Religion


You were on level 4 of the Dungeon.
You worshipped Trog.
Trog was aware of your devotion.
You were not hungry.

You visited 1 branch of the dungeon, and saw 3 of its levels.

You collected 176 gold pieces.

Inventory:

Hand Weapons
 a - a +0 hand axe (weapon)
Armour
 c - a scarf of resistance (worn)
 p - a +0 cloak
 r - a +0 ring mail (worn)
Scrolls
 b - a scroll of enchant weapon {unknown}
 g - 3 scrolls of amnesia {unknown}
 j - a scroll of remove curse {unknown}
 k - a scroll of enchant armour {unknown}
 l - 2 scrolls of identify {unknown}
 m - 2 scrolls of teleportation {unknown}
 q - 2 scrolls of fear {unknown}
Potions
 d - 5 potions of curing {unknown}
 e - a potion of resistance {unknown}
 h - a potion of haste {unknown}
 n - a potion of flight {unknown}
 o - a potion of lignification {unknown}
 s - a potion of brilliance {unknown}
 t - a potion of mutation {unknown}
 u - a potion of magic {unknown}
Comestibles
 f - 2 fruits
 i - 4 meat rations


   Skills:
 - Level 3.0 Fighting
 + Level 7.6 Axes
 - Level 2.1 Armour
 - Level 2.1 Dodging


You had 5 spell levels left.
You didn't know any spells.

Dungeon Overview and Level Annotations

Branches:
Dungeon (2/15)

Altars:

Shops:
D:4 :

Annotations:
D:4 Sigmund


Innate Abilities, Weirdness & Mutations

You have a beak for a mouth.
You have claws for feet.
You can fly.


Message History

You closely miss the iguana. You peck the iguana, but do no damage.
The iguana is moderately wounded.
The iguana closely misses you.
You hit the iguana. You claw the iguana, but do no damage. You peck the iguana.
The iguana is severely wounded.
The iguana bites you.
You are too injured to fight recklessly!
You are too injured to fight recklessly!
You are too injured to fight recklessly!
You are too injured to fight recklessly!
Your ring mail prevents you from hitting the iguana.
The iguana is severely wounded.
The iguana bites you!
* * * LOW HITPOINT WARNING * * *
Unknown command.
You hit the iguana. You claw the iguana, but do no damage.
Your peck misses the iguana.
The iguana is almost dead.
The iguana bites you!
You die...

.#..#####.(........ #.
.#..#####......#........
#.
.#......................
#.
.#...###########........
#. .#...# #.....%.. #.
##...###########........
#.
.....#..................
#.
+##..#......(...........
#.
.......)........@l......
#.
................∩.......
#.
........#####.......####
#. ........# #.......#
#. ........# #....####
#. ##......'...+....+ #.
........#####....#
#######. ........#
#..!.# +.......
..<.....# ######.


You could see an iguana.

Vanquished Creatures
  An ogre (D:4)
  A water moccasin skeleton (D:4)
  A bullfrog skeleton (D:4)
  Jessica (D:2)
  A worker ant (D:4)
  2 hound skeletons (D:4)
  2 adders
  An ooze (D:4)
  A worm (D:2)
  2 leopard geckos
  An orc (D:4)
  2 bats
  A giant cockroach (D:2)
  4 hobgoblins
  5 jackals (D:1)
  3 kobolds
  A quokka (D:2)
  2 ball pythons
  4 frilled lizards
  A quokka skeleton (D:4)
  3 rats
40 creatures vanquished.

Notes
Turn   | Place    | Note
-------+----------+-------------------------------------------
     0 | D:1      | MDvedh the Tengu Berserker began the quest for the Orb.
     0 | D:1      | Reached XP level 1. HP: 14/14 MP: 2/2
    71 | D:1      | Reached XP level 2. HP: 12/19 MP: 3/3
   182 | D:1      | Reached skill level 4 in Axes
   654 | D:2      | Reached XP level 3. HP: 23/23 MP: 4/4
   732 | D:2      | Noticed Jessica
   740 | D:2      | Killed Jessica
   740 | D:2      | Reached skill level 5 in Axes
   808 | D:2      | Reached XP level 4. HP: 27/28 MP: 5/5
  1472 | D:2      | You fall through a shaft for 2 floors!
  1772 | D:4      | Reached skill level 6 in Axes
  1772 | D:4      | Gained mutation: You can fly. [Tengu growth]
  1772 | D:4      | Reached XP level 5. HP: 21/32 MP: 6/6
  2045 | D:4      | Noticed an ogre
  2049 | D:4      | Killed an ogre
  2099 | D:4      | Noticed Sigmund
  2261 | D:4      | Reached skill level 7 in Axes
  2261 | D:4      | Reached XP level 6. HP: 20/37 MP: 7/7
  2500 | D:4      | Found Lyli's Book Boutique.
  2514 | D:4      | Slain by an iguana

Skill      XL: |  1  2  3  4  5 |
---------------+----------------+-----
Axes           | 4 5 6 7 |  7.6
Fighting       | |  3.0
Armour         | |  2.1
Dodging        | |  2.1

Action                   |  1- 3 |  4- 6 || total
-------------------------+-------+-------++-------
Melee: Hand axe          |    35 |    87 ||   122
       Peck              |     8 |    18 ||    26
       Kick              |     4 |    25 ||    29
Invok: Berserk           |       |     2 ||     2
 Stab: Sleeping          |     3 |       ||     3
  Eat: Chunk             |       |     3 ||     3
       Bread ration      |       |     1 ||     1
Armor: Animal skin       |     5 |     6 ||    11
       Ring mail         |       |    23 ||    23
Dodge: Dodged            |    16 |    51 ||    67
